 Dungeon Crawl Stone Soup version 0.30-a0-5-g3a90980b9d (webtiles) character file.

Game seed: 10470986223478616964

390 Ijustatesigmund the Trooper (level 6, -13/53 HPs)
             Began as a Hill Orc Fire Elementalist on Aug 22, 2022.
             Mangled by Edmund
             ... wielding a +2 dire flail of protection
              (16 damage)
             ... on level 4 of the Dungeon.
             The game lasted 00:05:13 (3942 turns).

Ijustatesigmund the Trooper (HOFE)                  Turns: 3942, Time: 00:05:13

Health: -13/53     AC:  3    Str: 15    XL:     6   Next: 80%
Magic:  7/9        EV: 15    Int: 19    God:
Gold:   176        SH:  0    Dex: 11    Spells: 6/9 levels left

rFire   . . .      SeeInvis .    c - +8 dagger of the Depths {vorpal, Str+4 Int+2}
rCold   . . .      Faith    .    (no shield)
rNeg    . . .      Spirit   .    s - +0 leather armour
rPois   .          Reflect  .    (no helmet)
rElec   .          Harm     .    (no cloak)
rCorr   .          Rampage  .    (no gloves)
Will    .....                    (no boots)
Stlth   +.........               (no amulet)
HPRegen 0.17/turn                j - +4 ring of slaying
MPRegen 0.11/turn                m - +4 ring of evasion

@: no status effects
A: no striking features
a: no special abilities


You were on level 4 of the Dungeon.
You visited 1 branch of the dungeon, and saw 4 of its levels.

You collected 176 gold pieces.

Inventory:

Hand Weapons
 c - the +8 dagger of the Depths (weapon) {vorpal, Str+4 Int+2}
   (You found it on level 2 of the Dungeon)

   It inflicts extra damage upon your enemies.
   Str:       It affects your strength (+4).
   Int:       It affects your intelligence (+2).
 k - a +0 war axe
Armour
 s - a +0 leather armour (worn)
Jewellery
 j - a +4 ring of slaying (left hand)
 m - a +4 ring of evasion (right hand)
 q - a +6 ring of strength
Wands
 l - a wand of digging (5)
Scrolls
 d - 2 scrolls of vulnerability {unknown}
 f - a scroll of magic mapping {unknown}
 h - 3 scrolls of teleportation
 i - 2 scrolls of enchant armour {unknown}
 n - a scroll of fog {unknown}
 o - a scroll of noise {unknown}
 p - 3 scrolls of identify {unknown}
Potions
 b - a potion of magic
 e - 2 potions of curing
 g - 2 potions of heal wounds {unknown}
 r - a potion of haste {unknown}


   Skills:
 + Level 4.6 Fighting
 + Level 3.0 Short Blades
 + Level 2.2 Armour
 - Level 1.5 Dodging
 - Level 1.5 Stealth
 - Level 2.3 Spellcasting
 - Level 1.2 Conjurations
 - Level 4.2 Fire Magic


You had 6 spell levels left.
You knew the following spells:

 Your Spells              Type           Power      Damage    Failure   Level
a - Foxfire               Conj/Fire      48%        2x1d6     6%          1
b - Scorch                Fire           36%        2d6       5%          2

Your spell library contained the following spells:

 Spells                   Type           Power      Damage    Failure   Level
 Conjure Flame            Conj/Fire      12%        6-21      19%         3
 Inner Flame              Hex/Fire       10%        N/A       26%         3
 Flame Wave               Conj/Fire      12%        2d6       54%         4


Dungeon Overview and Level Annotations

Branches:
Dungeon (4/15)
 Temple: D:4-7

Altars:
Sif Muna

Annotations:
D:4 Edmund, Eustachio


Message History

You see here 16 gold pieces.
You now have 176 gold pieces (gained 16).
Edmund and an endoplasm come into view.
Edmund is wielding a +2 dire flail of protection and wearing a +3 leather armour of fire resistance.
Edmund moves out of view.
Found a scroll of teleportation.
The endoplasm quivers.
The quokka barely misses you.
You puncture the quokka!
You kill the quokka!
The endoplasm hits you.
You barely miss the endoplasm. The endoplasm closely misses you.
You hit Edmund.
Edmund is lightly wounded.
The endoplasm freezes you.
You are frozen.
Edmund hits you but does no damage.
You hit Edmund but do no damage.
Edmund is lightly wounded.
You puncture Edmund!
Edmund is moderately wounded.
Edmund closely misses you. The endoplasm completely misses you.
You puncture Edmund!
Edmund is severely wounded.
Edmund hits you with a +2 dire flail of protection!
The endoplasm hits you but does no damage.
You hit Edmund but do no damage.
Edmund is severely wounded.
Edmund hits you with a +2 dire flail of protection!!
The endoplasm freezes you.
You are frozen.
Casting: Scorch (safe; 5% risk of failure)
Confirm with . or Enter, or press ? or * to list all spells.
Flames lash the endoplasm.
The endoplasm is almost dead.
The endoplasm's fire resistance burns away.
Edmund hits you with a +2 dire flail of protection!
* * * LOW HITPOINT WARNING * * *
The endoplasm misses you.
Edmund hits you with a +2 dire flail of protection!
You die...

.###........ #....≈.
..##....##....?..###. #....§§
.........##......... .. #......
.........##........# #... #......
..†.#.....#........ #.. .#......
##..#....#.......:####... #......
##..................##.# #######
...##...#......J@†.....# #.#...#
...#....#.##.###@...##.####.#....
..............#...........†...##.
....#.....#............#....#..#.
..###(..###...###################
...###[...##.. ..## #........ #
...###........ #. #..##.........
#.. #..##......... ....


You could see Edmund and an endoplasm (combustible).

Vanquished Creatures
  An ogre (D:4)
  A scorpion (D:4)
  A gnoll bouda (D:4)
  Jessica (D:3)
  2 orc wizards (D:3)
  6 adders
  A worm (D:4)
  2 dart slugs (D:3)
  7 orcs
  9 ball pythons
  9 endoplasms
  2 giant cockroaches
  7 goblins
  4 hobgoblins
  6 quokkas
  6 bats
  4 frilled lizards
  4 kobolds
  3 rats
76 creatures vanquished.

Vanquished Creatures (others)
  30 foxfires
  4 plants (D:2)
34 creatures vanquished.

Grand Total: 110 creatures vanquished

Notes
Turn   | Place    | Note
-------+----------+-------------------------------------------
     0 | D:1      | Ijustatesigmund the Hill Orc Fire Elementalist began the
                  | quest for the Orb.
     0 | D:1      | Reached XP level 1. HP: 14/14 MP: 3/3
   491 | D:1      | Reached XP level 2. HP: 22/22 MP: 2/4
   592 | D:1      | Learned a level 2 spell: Scorch
   600 | D:1      | Reached skill level 1 in Fighting
   811 | D:1      | Found a faded altar of an unknown god.
  1012 | D:1      | Reached XP level 3. HP: 25/28 MP: 5/5
  1800 | D:2      | Identified the +8 dagger of the Depths {vorpal, Str+4
                  | Int+2}
  2273 | D:2      | Reached XP level 4. HP: 36/36 MP: 7/7
  3316 | D:3      | Noticed Jessica
  3318 | D:3      | Killed Jessica
  3319 | D:3      | Reached skill level 1 in Short Blades
  3319 | D:3      | Reached XP level 5. HP: 45/45 MP: 8/8
  3326 | D:3      | Found a shimmering blue altar of Sif Muna.
  3458 | D:4      | Reached skill level 1 in Armour
  3458 | D:4      | Reached XP level 6. HP: 47/52 MP: 9/9
  3533 | D:4      | Noticed Eustachio
  3930 | D:4      | Noticed Edmund
  3942 | D:4      | Mangled by Edmund

Illustrated notes

Levels and vault maps discovered:
D:1:      tarquinn_simple_flora_water_a, layout_basic, basic_ecumenical_altar
D:2:      layout_basic, serial_bayou, serial_bayou_pond_d, serial_bayou_pond_a,
          serial_bayou_shore_a, serial_bayou_shore_b
D:3:      layout_loops_cross, kennysheep_orc_sif_temple, uniq_jessica
D:4:      layout_cave_pools, hangedman_decor_diamond_cutter,
          kennysheep_generic_room_2, uniq_edmund, uniq_robin, uniq_eustachio,
          uniq_crazy_yiuf_cottage

Skill      XL: |  1  2  3  4  5  6 |
---------------+-------------------+-----
Fighting       | 1 2 3 4 |  4.6
Spellcasting   | 2 |  2.3
Fire Magic     | 4 |  4.2
Short Blades   | 1 2 3 |  3.0
Armour         | 1 2 |  2.2
Dodging        | |  1.5
Stealth        | |  1.5
Conjurations   | |  1.2

Action                   |  1- 3 |  4- 6 || total
-------------------------+-------+-------++-------
Melee: Dagger            |    79 |    75 ||   154
       Punch             |     1 |     1 ||     2
 Cast: Foxfire           |    18 |       ||    18
       Scorch            |     3 |     3 ||     6
Evoke: Wand              |       |     1 ||     1
  Use: Scroll            |       |     1 ||     1
       Potion            |       |     1 ||     1
 Stab: Sleeping          |     4 |     3 ||     7
Armor: Robe              |    12 |     4 ||    16
       Leather armour    |       |     5 ||     5
Dodge: Dodged            |    67 |    34 ||   101

Table legend: (Time is in decaauts)
 A = Elapsed time spent in this place.
 B = Non-inter-level travel time spent in this place.
 C = Inter-level travel time spent in this place.
 D = Time resting spent in this place.
 E = Time spent auto-exploring this place.
 F = Levels seen in this place.
 G = Mean time per level.
                   A        B        C        D        E       F      G
               +--------+--------+--------+--------+--------+-----+--------+
         Total |   3956 |   3880 |     76 |    693 |   2668 |   4 |  989.0 |
       Dungeon |   3956 |   3880 |     76 |    693 |   2668 |   4 |  989.0 |
               +--------+--------+--------+--------+--------+-----+--------+

Top non-repeatable levels by time:
     D:1: 1446 daAuts
     D:2: 1114 daAuts
     D:3: 866 daAuts
     D:4: 530 daAuts
